 Dungeon Crawl Stone Soup version 0.22.0-2-ge58baed0e8 (webtiles) character file.

147 IcyTea the Caller (level 5, -4/35 HPs)
             Began as a Mummy Summoner on Aug 13, 2018.
             Killed from afar by an orc wizard (5 damage)
             ... with a magic dart
             ... on level 3 of the Dungeon.
             The game lasted 00:11:02 (2802 turns).

IcyTea the Caller (Mummy Summoner)                  Turns: 2802, Time: 00:11:03

Health: -4/35      AC:  5    Str: 11    XL:     5   Next: 8%
Magic:  1/11       EV: 12    Int: 15    God:
Gold:   177        SH:  0    Dex: 13    Spells: 3/12 levels left

rFire    . . .     SeeInvis .   k - +2 dagger (venom)
rCold    . . .     Gourm    .   (no shield)
rNeg     + + +     Faith    .   g - +1 robe {MR+}
rPois    ∞         Spirit   .   f - +0 helmet
rElec    .         Reflect  .   (no cloak)
rCorr    .         Harm     .   a - +0 pair of gloves
MR       +....                  (no boots)
Stlth    ++........             (no amulet)
HPRegen  0.11/turn              i - ring of fire
MPRegen  0.12/turn              (no ring)

@: no status effects
A: no food or potions, fire vulnerability, cold resistance 1, negative energy
resistance 3, torment resistance, unbreathing
a: no special abilities


You were on level 3 of the Dungeon.
You were not hungry.

You visited 1 branch of the dungeon, and saw 3 of its levels.

You collected 177 gold pieces.

Inventory:

Hand Weapons
 k - a +2 dagger of venom (weapon)
Missiles
 c - 6 tomahawks (quivered)
Armour
 a - a +0 pair of gloves (worn)
 f - a +0 helmet (worn)
 g - a +1 robe of magic resistance (worn)
Jewellery
 i - a ring of fire (left hand)
Scrolls
 b - a scroll of magic mapping {unknown}
 d - a scroll of teleportation {unknown}
 e - 4 scrolls of identify
 h - 3 scrolls of enchant armour {unknown}
 j - a scroll of blinking {unknown}
 l - 2 scrolls of remove curse {unknown}


   Skills:
 - Level 1.5 Dodging
 - Level 1.5 Stealth
 - Level 4.1 Spellcasting
 - Level 4.1 Summonings
 + Level 2.2 Ice Magic


You had 3 spell levels left.
You knew the following spells:

 Your Spells              Type           Power        Failure   Level  Hunger
a - Summon Small Mammal   Summ           ###.         3%          1    N/A
b - Call Imp              Summ           ###.....     4%          2    N/A
c - Summon Ice Beast      Ice/Summ       ##......     43%         4    N/A
d - Ensorcelled Hibernat  Hex/Ice        #.....       17%         2    N/A

Your spell library contained the following spells:

 Spells                   Type           Power        Failure   Level  Hunger
 Confuse                  Hex            #.......     47%         3    N/A
 Tukima's Dance           Hex            #.......     47%         3    N/A
 Call Canine Familiar     Summ           ###.....     10%         3    N/A
 Corona                   Hex            #......      19%         1    N/A
 Dazzling Spray           Conj/Hex       #.....       47%         3    N/A
 Summon Lightning Spire   Summ/Air       #.......     58%         4    N/A
 Summon Guardian Golem    Hex/Summ       #.......     22%         3    N/A

Dungeon Overview and Level Annotations

Branches:
Dungeon (3/15)

Altars:


Innate Abilities, Weirdness & Mutations

You do not eat or drink.
Your flesh is vulnerable to fire.
You are immune to poison.
Your flesh is cold resistant. (rC+)
You are immune to negative energy. (rN+++)
You are immune to unholy pain and torment.
You can survive without breathing.


Message History

Your crimson imp hits the orc priest but does no damage.
Your crimson imp blinks!
The orc priest invokes the aid of Beogh against you.
Beogh smites you!
* * * LOW HITPOINT WARNING * * *
Your crimson imp completely misses the orc priest.
The orc priest closely misses you.
You hit the orc priest.
The orc priest is severely wounded.
Your crimson imp hits the orc priest.
You hit the orc priest.
You kill the orc priest!
Your Ice Magic skill increases to level 2!
You have reached level 5!
You feel agile.
Your crimson imp blinks!
Your crimson imp hits the orc wizard but does no damage.
The orc wizard casts a spell at you. The magic dart hits you!
You die...

.......# #.#.#'#
.......# #.#.#.#
.......# #.#.#)#
........ #.#.#.# #
######...
#.#.o.#.# ...#
#.#.[.#.# ...#
#†#.....#
#####.##).#######+
+.5..@)o5.........
#####§###>........
#.################
#.................
##################


You could see an orc wizard and 2 friendly crimson imps.

Vanquished Creatures
  An orc priest (D:3)
  A worm (D:2)
  An orc (D:3)
  A ball python (D:2)
  4 giant cockroaches
  2 goblins
  4 hobgoblins
  A jackal (D:2)
  2 quokkas (D:2)
  3 bats
  2 frilled lizards
  2 kobolds
  3 rats
  2 fungi (D:2)
29 creatures vanquished.

Vanquished Creatures (collateral kills)
  2 orc wizards (D:3)
  4 gnolls
  3 dart slugs
  2 leopard geckos
  5 orcs (D:3)
  5 bats
  2 giant cockroaches (D:1)
  5 goblins
  5 hobgoblins
  A jackal (D:2)
  2 frilled lizards (D:1)
  3 kobolds (D:1)
  4 rats
  2 fungi (D:2)
45 creatures vanquished.

Vanquished Creatures (others)
  A worm (D:2)
1 creature vanquished.

Grand Total: 75 creatures vanquished

Notes
Turn   | Place    | Note
-------+----------+-------------------------------------------
     0 | D:1      | IcyTea the Mummy Summoner began the quest for the Orb.
     0 | D:1      | Reached XP level 1. HP: 13/13 MP: 4/4
   454 | D:1      | Reached XP level 2. HP: 6/19 MP: 0/5
   506 | D:1      | Learned a level 2 spell: Call Imp
  1192 | D:1      | Reached XP level 3. HP: 17/24 MP: 1/7
  1850 | D:2      | HP: 1/24 [something (23)]
  2209 | D:2      | Reached XP level 4. HP: 30/30 MP: 1/10
  2217 | D:2      | Learned a level 4 spell: Summon Ice Beast
  2437 | D:2      | Learned a level 2 spell: Ensorcelled Hibernation
  2747 | D:3      | Reached skill level 1 in Ice Magic
  2799 | D:3      | HP: 1/30 [orc priest/divine providence (12)]
  2802 | D:3      | Reached XP level 5. HP: 1/35 MP: 1/11
  2802 | D:3      | Killed from afar by an orc wizard

Skill      XL: |  1  2  3  4 |
---------------+-------------+-----
Summonings     | 4 |  4.1
Spellcasting   | 4 |  4.1
Ice Magic      | 2 |  2.2
Dodging        | |  1.5
Stealth        | |  1.5

Action                   |  1- 3 |  4- 6 || total
-------------------------+-------+-------++-------
Melee: Unarmed           |    23 |       ||    23
       Club              |    35 |       ||    35
       Dagger            |    47 |    41 ||    88
 Cast: Summon Small Mamm |    11 |       ||    11
       Call Imp          |    24 |    13 ||    37
  Use: Scroll            |     1 |       ||     1
 Stab: Sleeping          |     3 |       ||     3
       Distracted        |     1 |       ||     1
Armor: Robe              |    28 |    15 ||    43
Dodge: Dodged            |    69 |    33 ||   102
